 Dungeon Crawl Stone Soup version 0.26-a0-812-g31a745ddcd (webtiles) character file.

Game seed: 11503068339415674185

117 Azzok the Chopper (level 4, 0/35 HPs)
             Began as a Demonspawn Berserker on Nov 22, 2020.
             Was a Believer of Trog.
             Slain by an orc wizard
             ... wielding a +1 dagger of protection
              (2 damage)
             ... on level 3 of the Dungeon on Dec 2, 2020.
             The game lasted 00:02:03 (2610 turns).

Azzok the Chopper (Demonspawn Berserker)            Turns: 2610, Time: 00:02:04

Health: 0/35       AC:  6    Str: 19    XL:     4   Next: 71%
Magic:  4/4        EV: 10    Int:  8    God:    Trog [**....]
Gold:   64         SH:  0    Dex: 12    Spells: 3/3 levels left

rFire    . . .     SeeInvis .   m - +2 war axe (venom)
rCold    . . .     Faith    .   (no shield)
rNeg     . . .     Spirit   .   k - +0 scale mail
rPois    .         Reflect  .   (no helmet)
rElec    .         Harm     .   (no cloak)
rCorr    .         Rampage  .   (no gloves)
MR       .....                  (no boots)
Stlth    ..........             (no amulet)
HPRegen  0.11/turn              (no ring)
MPRegen  0.09/turn              (no ring)

@: confused, berserk cooldown, slowed, very slow
A: claws 1
a: Berserk, Trog's Hand, Renounce Religion


You were on level 3 of the Dungeon.
You worshipped Trog.
Trog was pleased with you.
You visited 1 branch of the dungeon, and saw 3 of its levels.

You collected 64 gold pieces.

Inventory:

Hand Weapons
 m - a +2 war axe of venom (weapon)
Armour
 k - a +0 scale mail (worn)
Wands
 a - a wand of polymorph (7)
Scrolls
 e - a scroll of magic mapping {unknown}
 g - 4 scrolls of blinking {unknown}
 h - 3 scrolls of identify {unknown}
 i - a scroll of teleportation {unknown}
 l - a scroll of remove curse {unknown}
Potions
 c - a potion of degeneration {unknown}
 d - 4 potions of lignification {unknown}
 f - 3 potions of haste {unknown}
 j - 2 potions of curing {unknown}


   Skills:
 - Level 3.0 Fighting
 + Level 5.0 Axes
 - Level 1.7 Armour
 - Level 1.7 Dodging


You had 3 spell levels left.
You didn't know any spells.
Your spell library was empty.

Dungeon Overview and Level Annotations

Branches:
Dungeon (3/15)

Altars:
Okawaru


Innate Abilities, Weirdness & Mutations

You have sharp fingernails.


Message History

Something hits you but does no damage. x2
You can move again.
Unknown command.
You hear some strange, mumbled words.
A puff of flame appears from out of thin air!
The puff of flame hits you.
* * * LOW HITPOINT WARNING * * *
Things that are here:
a cursed -1 dagger; a +0 robe; an orc corpse You bump into the rock wall.
You hear some strange, mumbled words.
A magic dart appears from out of thin air!
The magic dart hits you.
* * * LOW HITPOINT WARNING * * *
Something hits you but does no damage. x2
Things that are here:
a +0 short sword; a white potion; an orc corpse You closely miss something.
Something hits you but does no damage. Something hits you.
You die...

·· ······ ▒ ·····▒▒▒ ·▒
▒▒·······▒ ▒▒▒▒▒▒·▒
····▒····▒ ▒······▒
····╬····▒ ▒······▒▒▒·
····▒····▒ ▒·········
·▒▒▒▒····▒ ▒·······▒▒
·▒▒▒▒····▒▒▒▒▒▒)@†·····▒·
·····(········'·{)·······
······▒▒▒▒▒▒▒▒▒)·········
▒·▒▒▒·▒ ▒▒▒▒▒···▒·▒ ▒·▒
▒·▒ ·····▒ ▒·▒ ▒╬▒ ···▒▒
▒·▒ ··▒ ▒·· ··▒ ··^


There were no monsters in sight!

Vanquished Creatures
  An orc wizard (D:3)
  Ijyb (D:3)
  2 adders (D:2)
  An ooze (D:1)
  A worm (D:2)
  A leopard gecko (D:1)
  3 orcs (D:3)
  2 giant cockroaches
  3 goblins
  2 hobgoblins (D:1)
  4 jackals (D:1)
  5 kobolds
  A quokka (D:2)
  3 bats
  2 frilled lizards (D:2)
  5 rats
37 creatures vanquished.

Notes
Turn   | Place    | Note
-------+----------+-------------------------------------------
     0 | D:1      | Azzok the Demonspawn Berserker began the quest for the Orb.
     0 | D:1      | Reached XP level 1. HP: 18/18 MP: 1/1
   120 | D:1      | Reached skill level 3 in Axes
   294 | D:1      | Gained mutation: You have sharp fingernails. [demonic
                  | ancestry]
   294 | D:1      | Reached XP level 2. HP: 24/24 MP: 2/2
  1646 | D:2      | Found an iron altar of Okawaru.
  1679 | D:2      | Reached XP level 3. HP: 29/29 MP: 3/3
  1755 | D:2      | Reached skill level 4 in Axes
  2435 | D:3      | Noticed Ijyb
  2444 | D:3      | Killed Ijyb
  2444 | D:3      | Reached XP level 4. HP: 35/35 MP: 4/4
  2597 | D:3      | Reached skill level 5 in Axes
  2598 | D:3      | Reached ** piety under Trog
  2610 | D:3      | Slain by an orc wizard

Illustrated notes

Levels and vault maps discovered:
D:1:      ncdulo_smallfort, layout_loops_ring, serial_aquarium,
          aquarium_bridge_square [aquarium_subvault_bridge,
          aquarium_subvault_bridge, aquarium_subvault_bridge,
          aquarium_subvault_bridge], aquarium_window_corner, aquarium_window_1,
          aquarium_view_2a, aquarium_view_2f, aquarium_pool_S
D:2:      layout_basic, okawaru_ov_weapons_minmay
D:3:      layout_basic, grunt_qazlal_clouds, uniq_ijyb

Skill      XL: |  1  2  3  4 |
---------------+-------------+-----
Axes           | 3 4 5 |  5.0
Fighting       | |  3.0
Armour         | |  1.7
Dodging        | |  1.7

Action                   |  1- 3 |  4- 6 || total
-------------------------+-------+-------++-------
Melee: Hand axe          |   119 |       ||   119
       War axe           |    11 |     8 ||    19
Invok: Berserk           |     1 |     1 ||     2
 Stab: Sleeping          |     1 |       ||     1
Armor: Animal skin       |    16 |       ||    16
       Scale mail        |    26 |    11 ||    37
       Skin              |     3 |       ||     3
Dodge: Dodged            |    73 |    12 ||    85

Table legend: (Time is in decaauts)
 A = Elapsed time spent in this place.
 B = Non-inter-level travel time spent in this place.
 C = Inter-level travel time spent in this place.
 D = Time resting spent in this place.
 E = Time spent auto-exploring this place.
 F = Levels seen in this place.
 G = Mean time per level.
                   A        B        C        D        E       F      G
               +--------+--------+--------+--------+--------+-----+--------+
         Total |   2637 |   2551 |     86 |    481 |   1755 |   3 |  879.0 |
       Dungeon |   2637 |   2551 |     86 |    481 |   1755 |   3 |  879.0 |
               +--------+--------+--------+--------+--------+-----+--------+

Top non-repeatable levels by time:
     D:1: 1420 daAuts
     D:2: 986 daAuts
     D:3: 231 daAuts
